 Dungeon Crawl Stone Soup version 0.27-a0-1196-g3e9cee4cb2 (webtiles) character file.

Game seed: 14903346364536126507

98 Morbidden the Magician (level 5, -5/35 HPs)
             Began as a Djinni Conjurer on May 29, 2021.
             Slain by a goblin
             ... wielding a +0 dagger
             ... led by Robin
              (6 damage)
             ... on level 3 of the Dungeon.
             The game lasted 00:02:53 (2596 turns).

Morbidden the Magician (Djinni Conjurer)            Turns: 2596, Time: 00:02:54

Health: -5/35      AC:  2    Str:  6    XL:     5   Next: 0%
Gold:   126        EV: 12    Int: 21    God:
                   SH:  0    Dex: 17

rFire    + + .     SeeInvis .   a - +0 dagger
rCold    x . .     Faith    .   (no shield)
rNeg     . . .     Spirit   .   f - +0 robe
rPois    ∞         Reflect  .   (no helmet)
rElec    .         Harm     .   (no cloak)
rCorr    .         Rampage  .   (no gloves)
Will     .....                  (boots unavailable)
Stlth    ++........             (no amulet)
HPRegen  0.11/turn              d - +6 ring of dexterity
MPRegen  0.00/turn              (no ring)

@: brilliant, flying
A: sickness immunity, fire resistance 2, cold vulnerability 1, float, innate
caster, hp casting, extra vitality 1
a: no special abilities


You were on level 3 of the Dungeon.
You visited 1 branch of the dungeon, and saw 3 of its levels.

You collected 126 gold pieces.

Inventory:

Hand Weapons
 a - a +0 dagger (weapon)
Missiles
 l - 2 boomerangs (quivered)
Armour
 f - a +0 robe (worn)
Jewellery
 d - a +6 ring of dexterity (left hand)
Scrolls
 b - 2 scrolls of enchant armour {unknown}
 c - a scroll of noise {unknown}
 e - 7 scrolls of identify {unknown}
 i - 2 scrolls of teleportation {unknown}
 j - a scroll of torment {unknown}
 k - a scroll of magic mapping {unknown}


   Skills:
 + Level 2.3 Dodging
 + Level 1.7 Stealth
 + Level 4.6 Spellcasting


You couldn't memorise any spells.
You knew the following spells:

 Your Spells              Type           Power      Damage    Failure   Level
a - Magic Dart            Conj           100%       1d8       1%          1
b - Searing Ray           Conj           72%        3d6       2%          2
c - Dazzling Flash        Conj/Hex       72%        N/A       4%          3
d - Fulminant Prism       Conj/Hex       18%        3d11      17%         4
e - Ensorcelled Hibernat  Hex/Ice        72%        N/A       2%          2
f - Corona                Hex            40%        N/A       1%          1
z - Iskenderun's Mystic   Conj/Tloc      36%        2d9       17%         4
Your spell library was empty.

Dungeon Overview and Level Annotations

Branches:
Dungeon (3/15)

Altars:

Annotations:
D:3 Robin


Innate Abilities, Weirdness & Mutations

You are immune to sickness and miasma.
You are immune to poison.
Your flesh is very heat resistant. (rF++)
You are vulnerable to cold. (rC-)
You float through the air rather than walking.
You learn spells naturally, not from books.
Your magical power is your life essence.
You have superior vitality. (+4 HP)


Message History

Unknown command.
Unknown command.
It was a potion of heal wounds.
You feel much better. Robin hits you with a +0 club.
The goblin hits you with a +0 club. The goblin misses you.
Unknown command.
A bat comes into view.
The goblin barely misses you. Robin throws the goblin at you!
The goblin hits you with a +0 dagger.
* * * LOW HITPOINT WARNING * * *
The bat moves out of view. 2 goblins and a hobgoblin come into view.
The goblin shouts! x2
The goblin closely misses you.
Unknown command.
The goblin barely misses you.
Unknown command.
The hobgoblin no longer looks unusually strong.
The goblin no longer looks unusually strong.
The goblin misses you. Robin throws the goblin at you!
You barely miss the goblin. The goblin hits you with a +0 dagger.
* * * LOW HITPOINT WARNING * * *
The goblin misses you.
Unknown command.
Unknown command.
It was a potion of brilliance.
You feel clever all of a sudden. The goblin barely misses you.
The goblin hits you with a +0 club.
* * * LOW HITPOINT WARNING * * *
The goblin barely misses you.
Unknown command.
You aren't carrying any items that you can evoke.
Unknown command.
You aren't carrying any potions.
Unknown command.
Okay, then.
You hit the goblin but do no damage.
The goblin no longer looks unusually strong. x2
The goblin hits you with a +0 dagger.
You die...

#≈##..##≈#
#≈≈≈..≈≈≈#..#
####''####..# ###
#...# #.)# ....
#.#.###..#
###.###.#.##...#
........#.##..#
#####.....##..######.#
# ###.###....ggg@g...#
. #...# #.##.##g######
.##.#.###.##.##g#
<.........##.##g#
.##.#.#.####.##.#
#.....# #†##.# ###...#
#†##.# #.#.. .....#
###.## #.#


You could see Robin, a hobgoblin and 5 goblins.

Vanquished Creatures
  Natasha (D:3)
  An adder (D:3)
  A worm (D:2)
  2 dart slugs (D:1)
  4 orcs (D:3)
  8 ball pythons
  4 bats
  3 endoplasms
  2 giant cockroaches
  4 hobgoblins
  6 jackals (D:1)
  4 kobolds
  A quokka (D:2)
  3 frilled lizards
  2 goblins (D:1)
  3 rats
49 creatures vanquished.

Notes
Turn   | Place    | Note
-------+----------+-------------------------------------------
     0 | D:1      | Morbidden the Djinni Conjurer began the quest for the Orb.
     0 | D:1      | Reached XP level 1. HP: 15/15 MP: 0/0
    90 | D:1      | Reached XP level 2. HP: 9/21 MP: 0/0
   635 | D:1      | Reached XP level 3. HP: 16/25 MP: 0/0
   635 | D:1      | Learned a level 1 spell: Corona
   988 | D:1      | Reached skill level 4 in Spellcasting
  1259 | D:2      | Found a faded altar of an unknown god.
  2199 | D:3      | Reached XP level 4. HP: 27/31 MP: 0/0
  2328 | D:3      | Noticed Natasha
  2333 | D:3      | Killed Natasha
  2579 | D:3      | Noticed Robin
  2584 | D:3      | Reached XP level 5. HP: 27/35 MP: 0/0
  2584 | D:3      | Learned a level 2 spell: Ensorcelled Hibernation
  2595 | D:3      | HP: 1/35 [goblin/+0 club[Robin] (3)]
  2596 | D:3      | Slain by a goblin

Illustrated notes

Levels and vault maps discovered:
D:1:      minmay_arrival_semitransparent, layout_loops_ring,
          hangedman_decor_growths
D:2:      layout_loops_cross, hellmonk_ecumenical_altar_crossroads,
          nrook_campfire
D:3:      layout_loops_ring, kennysheep_generic_room_5, uniq_ijyb, uniq_robin,
          uniq_crazy_yiuf_cottage, uniq_natasha

Skill      XL: |  1  2  3 |
---------------+----------+-----
Spellcasting   | 4 |  4.6
Dodging        | |  2.3
Stealth        | |  1.7

Action                   |  1- 3 |  4- 6 || total
-------------------------+-------+-------++-------
Melee: Dagger            |       |     2 ||     2
 Cast: Magic Dart        |    52 |     9 ||    61
       Searing Ray       |    11 |     4 ||    15
  Use: Potion            |       |     2 ||     2
Dodge: Dodged            |     2 |    11 ||    13

Table legend: (Time is in decaauts)
 A = Elapsed time spent in this place.
 B = Non-inter-level travel time spent in this place.
 C = Inter-level travel time spent in this place.
 D = Time resting spent in this place.
 E = Time spent auto-exploring this place.
 F = Levels seen in this place.
 G = Mean time per level.
                   A        B        C        D        E       F      G
               +--------+--------+--------+--------+--------+-----+--------+
         Total |   2594 |   2538 |     56 |      0 |   2378 |   3 |  864.7 |
       Dungeon |   2594 |   2538 |     56 |      0 |   2378 |   3 |  864.7 |
               +--------+--------+--------+--------+--------+-----+--------+

Top non-repeatable levels by time:
     D:1: 1258 daAuts
     D:2: 930 daAuts
     D:3: 405 daAuts
